Map: Berlingrad LE

Players

Faz

  • Race: Terran Terran
  • League: Master
  • Spawn Location: 11:00

Pumba - Winner!

  • Race: Protoss Protoss
  • League: Master
  • Spawn Location: 5:00

VOD

Have the link to the VOD?

Description

Time

  • Played on: April 12, 2022, 7:16 p.m.
  • Length: 19:20
Show
View Real Time Build Order
Export as new Build Order

Faz Terran 

Build Orders:  

Get SALT Encoding   

  12  0:00  SCV  
  13  0:12  SCV  
  14  0:17  Supply Depot  
  14  0:24  SCV  
  15  0:38  SCV  
  15  0:40  Barracks  
  16  0:43  Refinery  
  16  0:50  SCV  
  17  1:03  SCV  
  18  1:15  SCV  
  19  1:26  Marine  
  19  1:27  Orbital Command  
  20  1:46  Command Center  
  20  1:48  Reaper  
  21  1:55  SCV  
  21  2:00  Supply Depot  
  22  2:08  SCV  
  23  2:11  Factory  
  23  2:17  Refinery  
  23  2:21  Barracks Reactor  
  23  2:22  SCV  
  24  2:27  Bunker  
  24  2:34  SCV  
  25  2:46  SCV  
  26  2:57  Hellion  
  28  2:58  SCV  
  28  2:59  Starport  
  28  3:02  Marine x2  
  30  3:10  SCV  
  30  3:12  Orbital Command  
  31  3:22  Marine x2  
  31  3:24  Widow Mine  
  35  3:32  SCV  
  36  3:39  SCV  
  36  3:40  Medivac  
  39  3:45  Widow Mine  
  39  3:47  SCV  
  42  3:50  Supply Depot, Marine  
  42  3:52  Marine  
  42  3:54  SCV  
  45  4:01  SCV  
  46  4:07  Factory Tech Lab  
  46  4:11  SCV  
  46  4:14  Supply Depot  
  46  4:15  SCV  
  48  4:22  Marine x2  
  48  4:23  SCV, Starport Tech Lab  
  48  4:26  Siege Tank  
  48  4:29  SCV  
  48  4:30  Barracks  
  48  4:31  Refinery  
  52  4:33  Engineering Bay  
  52  4:35  SCV  
  53  4:41  SCV  
  53  4:42  Raven  
  53  4:45  Barracks  
  56  4:48  Supply Depot, SCV  
  57  4:52  Marine  
  57  4:53  SCV  
  57  4:55  Marine  
  60  5:00  SCV  
  61  5:07  SCV  
  61  5:09  Factory Reactor  
  61  5:12  SCV  
  63  5:14  Marine x2  
  63  5:19  SCV  
  66  5:23  Terran Infantry Weapons Level 1  
  66  5:24  SCV  
  66  5:26  Supply Depot  
  67  5:29  Refinery, Stimpack  
  67  5:31  SCV  
  67  5:32  Marauder  
  70  5:37  Starport Reactor  
  70  5:40  Supply Depot  
  70  5:42  Combat Shield  
  70  5:47  SCV x2, Marauder, Marine x2  
  76  5:53  Marauder  
  78  6:02  SCV  
  78  6:03  Command Center  
  78  6:04  Supply Depot  
  79  6:05  Marine  
  79  6:06  Marine  
  79  6:07  Supply Depot  
  79  6:09  Marauder  
  83  6:13  SCV  
  83  6:14  Marauder  
  86  6:25  SCV, Medivac, Widow Mine x2  
  93  6:29  Medivac  
  93  6:36  Marauder x2, Marine x2  
  93  6:37  SCV x2  
  99  6:47  Widow Mine  
  99  6:48  Barracks, Widow Mine  
  99  6:49  Barracks, SCV  
  102  7:03  Supply Depot  
  102  7:04  Marine x2  
  102  7:05  SCV x2, Marauder x2  
  102  7:06  Supply Depot  
  108  7:14  Medivac x2, Widow Mine x2  
  114  7:17  SCV, Orbital Command  
  115  7:27  Marine  
  115  7:28  Marauder x2  
  120  7:30  Terran Infantry Armor Level 1  
  120  7:32  SCV x2  
  120  7:34  Marine  
  120  7:35  Orbital Command  
  123  7:41  Barracks Reactor, Barracks Tech Lab  
  123  7:45  SCV  
  123  7:47  Ghost Academy  
  122  8:00  Marine x3  
  122  8:01  Marauder x2  
  129  8:10  Missile Turret  
  129  8:13  Missile Turret  
  129  8:17  Marine  
  129  8:18  Marine x3  
  129  8:19  Marauder  
  134  8:21  Marine  
  134  8:22  Marauder  
  137  8:33  Medivac, Widow Mine x2  
  137  8:34  Enhanced Shockwaves  
  137  8:35  Marine x2  
  137  8:39  Marine x2  
  141  8:44  Ghost x3  
  147  8:53  Engineering Bay, Armory  
  147  8:55  SCV x2, Refinery  
  149  8:56  Refinery  
  149  8:57  Marine  
  149  8:58  Supply Depot  
  149  8:59  Supply Depot, Marine x2  
  131  9:18  Marine  
  131  9:19  Marauder  
  131  9:20  Marine x2  
  131  9:21  Marauder x2  
  131  9:22  Widow Mine x2  
  142  9:26  SCV x2  
  144  9:36  Medivac x2  
  144  9:38  SCV x2, Marine  
  150  9:39  Command Center, Marine x2  
  150  9:43  Engineering Bay, SCV  
  150  9:44  Armory  
  154  9:48  Bunker, Marine x2  
  154  9:50  SCV, Missile Turret  
  155  9:59  Marine x2  
  147  10:00  Marauder x2, Marine  
  147  10:06  Marauder  
  149  10:13  Medivac x2, Widow Mine  
  149  10:14  Widow Mine  
  149  10:15  Terran Infantry Weapons Level 2  
  149  10:16  Terran Infantry Armor Level 2  
  140  10:29  Marine x3  
  140  10:30  Ghost x2  
  140  10:33  Ghost  
  149  10:37  SCV x3  
  149  10:41  Terran Ship Weapons Level 1  
  152  10:58  Widow Mine x2, Ghost  
  152  10:59  Marine x3  
  152  11:00  Marine  
  161  11:09  Ghost x2  
  152  11:19  SCV x3  
  152  11:21  Starport  
  152  11:22  Barracks x2  
  152  11:23  Barracks  
  151  11:31  SCV  
  151  11:32  Marine  
  145  11:33  Marauder, Marine x3  
  145  11:38  Marauder x2  
  142  11:50  Marine, Orbital Command  
  143  11:57  Command Center  
  129  12:26  Liberator x2  
  129  12:28  Barracks Tech Lab  
  129  12:29  Barracks Tech Lab  
  135  12:30  Barracks Reactor  
  135  12:34  Marine x2  
  135  12:35  Marauder x2, Marine x3  
  144  12:49  Marine  
  144  12:50  Marauder  
  147  12:52  Marine x3  
  147  12:53  Marauder, Marine  
  147  12:57  Marauder x2  
  151  13:08  Marauder, Marine  
  151  13:11  Marauder  
  160  13:15  Marauder  
  160  13:18  Marauder  
  164  13:20  Marine x3  
  164  13:21  Marauder  
  165  13:29  Marauder  
  165  13:33  Marauder, Factory Reactor  
  129  13:41  Refinery  
  129  13:43  Refinery, Ghost x2  
  129  13:44  Marine x7  
  133  13:49  SCV x3  
  133  13:50  Marauder  
  133  13:53  Marine  
  138  14:00  Command Center  
  138  14:02  Marine  
  138  14:12  Marine  
  138  14:13  Marauder x3, Marine x3  
  138  14:14  Marauder  
  150  14:20  Liberator  
  153  14:34  Liberator  
  153  14:35  Refinery  
  153  14:36  Refinery  
  153  14:38  Liberator  
  159  14:46  Marine  
  159  14:47  Marine x8  
  166  14:59  Viking, Marine  
  160  15:00  Marauder  
  160  15:03  Viking  
  160  15:04  Marine x2  
  160  15:05  Marauder  
  153  15:12  Marauder, Marine x4  
  153  15:13  Marauder  
  156  15:17  Refinery  
  156  15:18  Liberator, Marauder  
  161  15:21  Marauder  
  161  15:22  Marine x2  
  161  15:26  Marauder  
  167  15:30  Planetary Fortress  
  167  15:31  Marine x4  
  167  15:34  Marauder x2  
  175  15:38  Marine  
  175  15:40  Marine x2  
  180  15:43  Marauder  
  180  15:47  Marine  
  180  15:49  Marine x2  
  182  15:55  Liberator, Marauder x2  
  182  15:56  Marine x2  
  186  16:02  Liberator  
  188  16:05  Ghost  
  124  16:28  Marine x2  
  124  16:29  Marauder x4, Marine x2  
  105  16:42  Marine  
  105  16:43  Marauder, Marine  
  94  16:50  Marauder  
  94  16:53  Marauder, Marine x2  
  94  16:54  Marauder  
Show
View Real Time Build Order
Export as new Build Order

Pumba Protoss - Winner!

Build Orders: 1 Gate Expand, Blink Stalkers 

Get SALT Encoding   

  12  0:00  Probe  
  13  0:12  Probe  
  14  0:17  Pylon  
  14  0:25  Probe (Chrono Boost)  
  15  0:37  Probe (Chrono Boost), Gateway  
  16  0:45  Probe (Chrono Boost)  
  16  0:46  Assimilator  
  17  0:51  Probe  
  18  1:03  Probe  
  19  1:15  Probe  
  20  1:23  Nexus  
  20  1:33  Cybernetics Core  
  20  1:35  Probe  
  21  1:45  Assimilator  
  21  1:51  Probe  
  21  1:52  Pylon  
  21  2:03  Probe  
  21  2:07  Adept (Chrono Boost)  
  22  2:14  Warp Gate  
  24  2:16  Probe  
  24  2:22  Twilight Council  
  25  2:29  Probe (Chrono Boost)  
  26  2:31  Stalker  
  26  2:35  Probe (Chrono Boost)  
  29  2:41  Probe (Chrono Boost)  
  31  2:44  Probe (Chrono Boost)  
  31  2:47  Probe (Chrono Boost)  
  31  2:50  Probe (Chrono Boost)  
  32  2:54  Probe  
  32  3:03  Probe (Chrono Boost)  
  33  3:06  Probe (Chrono Boost)  
  33  3:18  Probe (Chrono Boost)  
  35  3:20  Probe (Chrono Boost)  
  35  3:23  Probe (Chrono Boost), Blink (Chrono Boost)  
  35  3:26  Probe  
  35  3:27  Gateway  
  35  3:28  Stalker  
  35  3:33  Probe  
  38  3:36  Pylon  
  38  3:38  Probe  
  39  3:48  Probe  
  40  3:51  Probe  
  41  3:59  Nexus  
  41  4:00  Probe  
  42  4:03  Probe  
  42  4:06  Stalker  
  45  4:12  Probe  
  46  4:23  Probe  
  47  4:24  Probe  
  47  4:26  Pylon  
  47  4:28  Stalker  
  47  4:29  Stalker  
  52  4:34  Assimilator  
  52  4:36  Assimilator  
  52  4:38  Forge  
  52  4:40  Templar Archives  
  52  4:42  Probe  
  53  4:46  Probe  
  53  4:52  Pylon  
  54  4:54  Probe  
  55  5:05  Gateway x2  
  55  5:10  Probe  
  55  5:13  Protoss Ground Weapons Level 1 (Chrono Boost)  
  54  5:16  Probe  
  55  5:24  Stalker  
  55  5:25  Stalker  
  59  5:29  Probe (Chrono Boost)  
  59  5:30  Probe (Chrono Boost)  
  59  5:35  Shield Battery, Probe (Chrono Boost)  
  62  5:37  Psionic Storm  
  62  5:39  Probe x2 (Chrono Boost)  
  65  5:43  Probe (Chrono Boost)  
  65  5:44  Probe (Chrono Boost)  
  65  5:47  Robotics Facility  
  65  5:49  High Templar  
  68  5:54  Probe x2  
  68  5:55  Probe  
  71  5:59  Pylon  
  71  6:03  Pylon  
  71  6:06  Probe x2  
  71  6:10  Probe  
  74  6:13  Charge (Chrono Boost)  
  74  6:14  High Templar  
  76  6:19  Probe x2  
  76  6:23  Probe  
  79  6:27  Gateway  
  79  6:29  Gateway x2  
  79  6:30  Gateway  
  75  6:43  High Templar x2  
  79  6:52  Zealot x2  
  79  6:54  Probe  
  84  6:55  Photon Cannon  
  84  6:56  Assimilator  
  84  6:59  Assimilator  
  84  7:04  Pylon  
  84  7:05  Pylon  
  84  7:09  Protoss Ground Armor Level 1 (Chrono Boost)  
  84  7:11  Warp Prism (Chrono Boost)  
  86  7:15  Probe  
  86  7:16  Probe x2  
  86  7:22  Pylon  
  89  7:23  Shield Battery  
  89  7:25  Pylon  
  89  7:27  Pylon  
  89  7:28  Probe  
  89  7:29  Stalker x4  
  98  7:30  Zealot x2, Pylon  
  100  7:40  Probe  
  100  7:41  Probe x2  
  103  7:47  High Templar  
  103  7:50  Pylon  
  103  8:02  High Templar  
  103  8:03  Zealot x6  
  117  8:07  Nexus  
  117  8:16  Observer (Chrono Boost)  
  112  8:21  Probe (Chrono Boost)  
  112  8:24  Probe (Chrono Boost)  
  112  8:25  Probe (Chrono Boost)  
  114  8:29  Observer (Chrono Boost)  
  114  8:32  Probe (Chrono Boost)  
  109  8:35  Probe (Chrono Boost)  
  109  8:36  Photon Cannon  
  109  8:39  Probe (Chrono Boost)  
  109  8:40  Probe (Chrono Boost)  
  111  8:41  Probe (Chrono Boost)  
  111  8:44  Zealot x5  
  111  8:45  Probe (Chrono Boost)  
  111  8:47  Probe x2  
  121  8:53  Zealot x2, Pylon  
  126  8:57  Probe  
  126  8:59  Probe  
  126  9:00  Probe  
  97  9:22  High Templar x3  
  99  9:27  Observer  
  99  9:29  Protoss Ground Armor Level 2 (Chrono Boost)  
  99  9:30  Zealot x2  
  99  9:31  Zealot x3  
  104  9:33  Probe x3  
  107  9:43  Shield Battery, Photon Cannon  
  107  9:46  Pylon  
  107  9:50  Observer (Chrono Boost)  
  104  9:54  Robotics Facility x2  
  104  9:55  Archon x2, Robotics Bay  
  104  9:56  Zealot x2  
  96  10:01  Zealot x3  
  100  10:07  Zealot  
  100  10:08  Zealot x2  
  102  10:17  Zealot x2  
  102  10:19  Assimilator  
  106  10:21  Gateway  
  106  10:23  Warp Prism (Chrono Boost)  
  106  10:24  Photon Cannon, Assimilator  
  106  10:25  High Templar x3  
  106  10:27  Shield Battery  
  114  10:31  Zealot  
  114  10:32  Zealot x2  
  120  10:38  Probe x4  
  124  10:43  Disruptor (Chrono Boost)  
  124  10:44  High Templar  
  124  10:45  Disruptor (Chrono Boost), High Templar  
  134  10:50  Probe x4  
  137  11:02  Shield Battery, Probe  
  137  11:03  Probe  
  139  11:11  Zealot x6  
  139  11:17  Nexus  
  149  11:19  Observer x3  
  140  11:37  Archon  
  126  11:49  Protoss Ground Armor Level 3 (Chrono Boost)  
  126  11:50  Disruptor (Chrono Boost)  
  126  11:51  Disruptor (Chrono Boost)  
  133  11:54  Zealot x6  
  133  11:55  Zealot  
  133  11:58  Disruptor (Chrono Boost)  
  133  12:00  Forge  
  117  12:16  Pylon  
  117  12:17  Dark Shrine  
  117  12:18  Probe x2  
  117  12:19  Probe  
  117  12:21  Disruptor x2 (Chrono Boost)  
  124  12:25  Extended Thermal Lance  
  124  12:32  Protoss Ground Weapons Level 2 (Chrono Boost)  
  124  12:33  Warp Prism (Chrono Boost)  
  124  12:39  Probe  
  124  12:40  Probe  
  124  12:45  Colossus x2 (Chrono Boost)  
  124  12:47  Shield Battery  
  124  12:49  Photon Cannon  
  124  12:50  Observer  
  136  12:53  Zealot, Stalker x2  
  136  12:55  High Templar  
  136  12:56  High Templar  
  136  12:57  Archon  
  142  13:09  Colossus (Chrono Boost)  
  134  13:13  High Templar x3  
  140  13:21  Zealot x2  
  140  13:22  Zealot  
  146  13:29  Disruptor (Chrono Boost)  
  146  13:32  Observer  
  136  13:44  Zealot x5  
  144  13:50  Gateway  
  144  13:52  Gateway x2  
  144  13:54  Gateway  
  142  14:04  Gravitic Boosters (Chrono Boost)  
  142  14:12  Zealot  
  142  14:13  Zealot x7  
  142  14:14  Shadow Stride (Chrono Boost)  
  158  14:19  Disruptor (Chrono Boost)  
  158  14:23  Photon Cannon  
  164  14:24  Photon Cannon  
  164  14:28  Disruptor (Chrono Boost)  
  164  14:31  Disruptor (Chrono Boost)  
  167  14:35  Observer, Protoss Shields Level 1 (Chrono Boost)  
  167  14:47  Disruptor  
  168  14:54  Gravitic Drive  
  168  14:57  Disruptor  
  159  15:13  High Templar x3  
  159  15:14  High Templar x3  
  167  15:16  Zealot x6  
  167  15:18  Archon x3  
  183  15:26  Probe x5  
  188  15:31  Protoss Ground Weapons Level 3 (Chrono Boost)  
  188  15:35  Nexus  
  188  15:36  Gateway  
  188  15:39  Zealot x6, Gateway  
  188  15:41  Gateway  
  200  15:43  Gateway  
  200  15:45  Stalker  
  200  15:56  Dark Templar x2  
  200  16:00  Dark Templar  
  200  16:01  Dark Templar  
  151  16:34  Zealot x5, Stalker x5  
  151  16:35  Zealot x2  
  162  16:45  Colossus  
  160  16:55  Dark Templar x4  
  168  17:07  Stalker x3  
  168  17:08  Zealot x2  
  178  17:18  Pylon  
  178  17:21  Pylon  
  178  17:33  Observer  
  178  17:43  Nexus  
Tags
 
Add a new tag
Caveats
  • Supply blocks, unpowered buildings, or Contaminate may cause inaccurate times.
  • Supply counts are checked every 10 seconds.